 Dungeon Crawl Stone Soup version 0.31-a0-771-g505c3d19dc (webtiles) character file.

Game seed: 6173222780576147222

4190 randomguy2701 the Blocker (level 10, -3/82 HPs)
             Began as a Gnoll Fighter on Sept 16, 2023.
             Was an Initiate of Ashenzari.
             Slain by a warg (9 damage)
             ... on level 8 of the Dungeon.
             The game lasted 00:11:48 (8449 turns).

randomguy2701 the Blocker (Gnoll Fighter)           Turns: 8449, Time: 00:11:48

Health: -3/82      AC:  9    Str: 17    XL:     10   Next: 29%
Magic:  17/17      EV: 16    Int:  8    God:    Ashenzari [......]
Gold:   415        SH:  6    Dex: 14    Spells: 19/19 levels left

rFire   . . .        H - +3 hand axe
rCold   . . .        c - +0 buckler
rNeg    . . .        b - +0 scale mail
rPois   +            (no helmet)
rElec   .            (no cloak)
rCorr   .            (no gloves)
SInv    .            t - +0 pair of boots
Will    .....        (no amulet)
Stlth   ++           e - +5 ring of evasion
HPRegen 0.33/turn    y - ring of poison resistance
MPRegen 0.15/turn

%: no passive effects
@: hasted, very quick
A: fangs 1, strong nose, distributed training
a: Renounce Religion, Curse Item


You were on level 8 of the Dungeon.
You worshipped Ashenzari.
Ashenzari was noncommittal.
You visited 1 branch of the dungeon, and saw 8 of its levels.
You also visited: Ossuary.

You collected 472 gold pieces.
You spent 57 gold pieces at shops.

Inventory:

Hand Weapons
 H - a +3 hand axe (weapon)
Missiles
 g - a throwing net
Armour
 b - a +0 scale mail (worn)
 c - a +0 buckler (worn)
 t - a +0 pair of boots (worn)
Jewellery
 e - a +5 ring of evasion (left hand)
 y - a ring of poison resistance (right hand)
Wands
 a - a wand of digging (6)
 C - a wand of flame (11)
 F - a wand of acid (10)
 K - a wand of polymorph (11)
Scrolls
 h - 3 scrolls of noise {unknown}
 i - 2 scrolls of vulnerability {unknown}
 j - 6 scrolls of teleportation
 k - 3 scrolls of identify
 n - 3 scrolls of enchant armour {unknown}
 o - 4 scrolls of amnesia
 s - a scroll of blinking {unknown}
 w - a scroll of enchant weapon {unknown}
 x - a scroll of immolation {unknown}
 z - a scroll of torment {unknown}
 B - 2 scrolls of fog {unknown}
 D - a scroll of revelation {unknown}
 J - 4 scrolls of fear {unknown}
Potions
 d - a potion of might
 f - 2 potions of haste
 l - 3 potions of resistance {unknown}
 m - a potion of heal wounds {unknown}
 p - 4 potions of berserk rage
 q - 2 potions of lignification {unknown}
 r - 4 potions of curing
 u - a potion of magic {unknown}
 v - a potion of attraction {unknown}
 A - a potion of invisibility {unknown}
 E - 2 potions of degeneration {unknown}
 G - a potion of brilliance {unknown}
 I - a potion of enlightenment {unknown}
 L - a potion of cancellation {unknown}


   Skills:
 + Level 8.5 Fighting
 + Level 5.2 Short Blades
 + Level 5.2 Long Blades
 + Level 7.0 Axes
 + Level 5.2 Maces & Flails
 + Level 5.2 Polearms
 + Level 5.2 Staves
 + Level 5.2 Ranged Weapons
 + Level 5.2 Throwing
 + Level 8.5 Armour
 + Level 5.2 Dodging
 + Level 5.2 Stealth
 + Level 8.5 Shields
 + Level 5.2 Unarmed Combat
 + Level 5.2 Spellcasting
 + Level 4.3 Conjurations
 + Level 4.3 Hexes
 + Level 4.3 Summonings
 + Level 4.3 Necromancy
 + Level 4.3 Translocations
 + Level 4.3 Transmutations
 + Level 4.3 Fire Magic
 + Level 4.3 Ice Magic
 + Level 4.3 Air Magic
 + Level 4.3 Earth Magic
 + Level 4.3 Poison Magic
 + Level 5.7 Invocations
 + Level 5.2 Evocations
 + Level 4.7 Shapeshifting


You had 19 spell levels left.
You didn't know any spells.
Your spell library contained the following spells:

 Spells                   Type           Power      Damage    Failure   Level
 Foxfire                  Conj/Fire      36%        2x1d5     16%         1
 Blink                    Tloc           18%        N/A       22%         2
 Ensorcelled Hibernation  Hex/Ice        18%        N/A       22%         2
 Jinxbite                 Hex            18%        N/A       22%         2
 Lesser Beckoning         Tloc           18%        N/A       22%         2
 Momentum Strike          Conj/Tloc      18%        3d8       22%         2
 Sublimation of Blood     Necr           9%         N/A       22%         2
 Wereblood                Tmut           9%         N/A       22%         2
 Dazzling Flash           Conj/Hex       18%        N/A       41%         3
 Inner Flame              Hex/Fire       9%         N/A       41%         3
 Tukima's Dance           Hex            9%         N/A       41%         3
 Volatile Blastmotes      Fire/Tloc      18%        2d11      41%         3
 Anguish                  Hex/Necr       4%         N/A       83%         4
 Dimensional Bullseye     Hex/Tloc       4%         N/A       83%         4
 Iskenderun's Mystic Bla  Conj/Tloc      9%         2d4       83%         4
 Petrify                  Tmut/Erth      9%         N/A       83%         4
 Irradiate                Conj/Tmut      4%         3d13      99%         5
 Yara's Violent Unravell  Hex/Tmut       4%         3d4       99%         5
 Plasma Beam              Fire/Air       4%         2x1d14    100%        6
 Starburst                Conj/Fire      4%         6d4       100%        6
 Enfeeble                 Hex            4%         N/A       100%        7
 Summon Hydra             Summ           4%         N/A       100%        7
 Maxwell's Capacitive Co  Air            4%         ∞         100%        8


Dungeon Overview and Level Annotations

Branches:
Dungeon (8/15)             Temple (0/1) D:6         Ossuary (visited)
   Lair: D:8-11

Altars:
Ashenzari
Cheibriados
Elyvilon
Hepliaklqana
Nemelex Xobeh
Trog
Vehumet
Xom

Shops:
D:1 [[*?(   D:3 [[((   D:5 *[!?

Annotations:
D:2 1 runed translucent door, Crazy Yiuf
D:3 1 transporter, heikuro's ghost, amateur FoFi


Innate Abilities, Weirdness & Mutations

You have very sharp teeth.
Your uncanny sense of smell can sniff out nearby items.
Your experience applies equally to all skills.


Message History

The sentinel's mark upon you fades away.
The warg misses you.
The orc priest looks braver for a moment.
You closely miss the warg.
The warg is moderately wounded.
The warg barely misses you.
You hit the warg. You bite the warg, but do no damage.
The warg is heavily wounded.
The warg misses you. The warg barely misses you.
You hit the warg. You bite the warg, but do no damage.
The warg is severely wounded.
The warg bites you.
* * * LOW HITPOINT WARNING * * *
You barely miss the warg.
The warg is severely wounded.
You block the warg's attack.
You hit the warg.
The warg is severely wounded.
The warg barely misses you.
You hit the warg. You bite the warg, but do no damage.
The warg is severely wounded.
The warg bites you!
* * * LOW HITPOINT WARNING * * *
The warg misses you.
The orc priest suddenly cheers.
You hit the warg.
The warg is severely wounded.
The warg bites you!
* * * LOW HITPOINT WARNING * * *
You hit the warg. Your bite misses the warg.
The warg is severely wounded.
You block the warg's attack.
You hit the warg but do no damage.
The warg is severely wounded.
The warg misses you.
The orc priest begins to cast a cantrip, but forgets the words!
The warg misses you. The warg attacks as it pursues you!
You block the warg's attack.
You feel yourself speed up. The warg bites you!
You die...

#....#.# #....#.. ##
#....#.## ..
∆#....#..##### #########.
#....#.#....# #.........
#.###'##..###.# #.#######.
#...†....####.###.##......
###.......................
####.#.@#.########.####.
#.##h#.# #.# #. #.##o# #.#
#. ...#o# #.# #. ##...#
#.# #. #...## #.. #. #....
#.# #. #..... #.# #.
#..P.. #.


You could see a warg, an orc priest and an orc.

Vanquished Creatures
  A shadow (D:7)
  A wyvern (D:8)
  A steam dragon (D:7)
  2 wargs (D:8)
  A water moccasin (D:7)
  3 black bears
  3 ogres
  3 phantoms
  3 centaurs
  6 elf zombies (Ossuary)
  2 kobold brigands
  4 bullfrogs
  A scorpion (D:5)
  5 wights
  3 killer bees (D:7)
  3 howler monkeys
  2 human zombies (Ossuary)
  4 centaur zombies (Ossuary)
  2 jellies
  8 hounds
  2 sleepcaps
  2 gnoll boudas
  Natasha (thrice) (D:3)
  3 iguanas
  An orc wizard (D:4)
  3 mummies (Ossuary)
  12 gnolls
  5 adders
  A shadow imp (D:6)
  A dart slug (D:5)
  11 orcs
  4 bats
  7 endoplasms
  3 giant cockroaches
  4 goblins
  5 hobgoblins
  3 quokkas
  8 ball pythons
  3 frilled lizards
  17 kobolds
  8 rats
164 creatures vanquished.

Notes
Turn   | Place    | Note
-------+----------+-------------------------------------------
     0 | D:1      | randomguy2701 the Gnoll Fighter began the quest for the
                  | Orb.
     0 | D:1      | Reached XP level 1. HP: 23/23 MP: 1/1
     8 | D:1      | Found Salumn's Antique Armour Shop.
   129 | D:1      | Found Ogapt's Magic Scroll Shoppe.
   160 | D:1      | Reached XP level 2. HP: 24/29 MP: 2/2
   460 | D:1      | Reached XP level 3. HP: 32/35 MP: 3/3
   497 | D:1      | Found Pazilin's Antique Weapon Shop.
   551 | D:1      | Found Herghieto's Antique Armour Emporium.
   690 | D:1      | Found Wusur's Assorted Antiques.
   693 | D:1      | Bought 3 scrolls labelled OKIDOU ERCHO for 57 gold pieces
   998 | D:2      | Found a faded altar of an unknown god.
  1005 | D:2      | You fall into a shaft and drop 2 floors!
  1094 | D:4      | Found a sand-covered staircase.
  1106 | Ossuary  | Entered an ossuary
  1119 | Ossuary  | Reached skill level 1 in Short Blades
  1119 | Ossuary  | Reached skill level 1 in Long Blades
  1119 | Ossuary  | Reached skill level 1 in Maces & Flails
  1119 | Ossuary  | Reached skill level 1 in Polearms
  1119 | Ossuary  | Reached skill level 1 in Staves
  1119 | Ossuary  | Reached skill level 1 in Ranged Weapons
  1119 | Ossuary  | Reached skill level 1 in Throwing
  1119 | Ossuary  | Reached skill level 1 in Dodging
  1119 | Ossuary  | Reached skill level 1 in Stealth
  1119 | Ossuary  | Reached skill level 1 in Unarmed Combat
  1119 | Ossuary  | Reached skill level 1 in Spellcasting
  1119 | Ossuary  | Reached skill level 1 in Invocations
  1119 | Ossuary  | Reached skill level 1 in Evocations
  1119 | Ossuary  | Reached skill level 1 in Shapeshifting
  1119 | Ossuary  | Reached XP level 4. HP: 37/41 MP: 5/5
  1157 | Ossuary  | Reached skill level 1 in Conjurations
  1157 | Ossuary  | Reached skill level 1 in Hexes
  1157 | Ossuary  | Reached skill level 1 in Summonings
  1157 | Ossuary  | Reached skill level 1 in Necromancy
  1157 | Ossuary  | Reached skill level 1 in Translocations
  1157 | Ossuary  | Reached skill level 1 in Transmutations
  1157 | Ossuary  | Reached skill level 1 in Fire Magic
  1157 | Ossuary  | Reached skill level 1 in Ice Magic
  1157 | Ossuary  | Reached skill level 1 in Air Magic
  1157 | Ossuary  | Reached skill level 1 in Earth Magic
  1157 | Ossuary  | Reached skill level 1 in Poison Magic
  1157 | Ossuary  | Reached XP level 5. HP: 14/47 MP: 5/7
  1179 | Ossuary  | Reached XP level 6. HP: 15/53 MP: 8/8
  1355 | Ossuary  | Reached skill level 5 in Axes
  1497 | Ossuary  | Reached XP level 7. HP: 54/59 MP: 10/10
  1968 | D:3      | Identified the +9 great mace of Woe {pain, Will+ Str+5}
  1969 | D:3      | Found a transporter.
  1969 | D:3      | Noticed heikuro's ghost (amateur FoFi)
  1978 | D:3      | Found Piarr's Armour Shop.
  1983 | D:3      | Noticed Natasha
  1990 | D:3      | Killed Natasha
  2103 | D:3      | Found Kuuqiatuu's Antique Armour Boutique.
  2201 | D:3      | Found Rolec's Antique Weapon Boutique.
  2254 | D:3      | Found Beynalyl's Antique Weapon Emporium.
  2354 | D:3      | Noticed Natasha
  2365 | D:3      | Killed Natasha
  2580 | D:3      | Noticed Natasha
  2591 | D:3      | Killed Natasha
  2837 | D:2      | Reached XP level 8. HP: 67/67 MP: 12/12
  2869 | D:2      | Found a shimmering altar of Xom.
  2916 | D:2      | Found a runed translucent door.
  2917 | D:2      | Noticed Crazy Yiuf
  3334 | D:4      | Found a snail-covered altar of Cheibriados.
  4192 | D:5      | Entered Level 5 of the Dungeon
  4193 | D:5      | Found Lyoreh's General Store.
  4374 | D:5      | Found Ygycoc Komos's Armour Boutique.
  4546 | D:5      | Found Zupilus's Distillery.
  4558 | D:5      | Reached XP level 9. HP: 70/73 MP: 14/14
  5131 | D:5      | Found Hiob's Magic Scroll Shop.
  5280 | D:6      | Found a white marble altar of Elyvilon.
  5672 | D:6      | Found a bloodstained altar of Trog.
  5799 | D:6      | Found a staircase to the Ecumenical Temple.
  6234 | D:7      | Reached skill level 5 in Invocations
  6954 | D:7      | Found a shimmering altar of Xom.
  6954 | D:7      | Found a sparkling altar of Nemelex Xobeh.
  6954 | D:7      | Found a hazy altar of Hepliaklqana.
  6954 | D:7      | Found a broken altar of Ashenzari.
  6968 | D:7      | Became a worshipper of Ashenzari the Shackled
  7117 | D:7      | Reached XP level 10. HP: 80/80 MP: 17/17
  7993 | D:8      | Reached skill level 5 in Short Blades
  7993 | D:8      | Reached skill level 5 in Long Blades
  7993 | D:8      | Reached skill level 5 in Maces & Flails
  7993 | D:8      | Reached skill level 5 in Polearms
  7993 | D:8      | Reached skill level 5 in Staves
  7993 | D:8      | Reached skill level 5 in Ranged Weapons
  7993 | D:8      | Reached skill level 5 in Throwing
  7993 | D:8      | Reached skill level 5 in Dodging
  7993 | D:8      | Reached skill level 5 in Stealth
  7993 | D:8      | Reached skill level 5 in Unarmed Combat
  7993 | D:8      | Reached skill level 5 in Spellcasting
  7993 | D:8      | Reached skill level 5 in Evocations
  8055 | D:8      | Found a radiant altar of Vehumet.
  8449 | D:8      | Slain by a warg

Illustrated notes

Levels and vault maps discovered:
D:1:      ncdulo_watergridlock, layout_loops_ring, serial_shops, shop,
          nicolae_shop_window_shopping, nicolae_shop_real_fake_doors, shop,
          nicolae_shop_rolling_square, st_stairs_11
D:2:      layout_rooms, shapermc_ecumenical_altar_acropolis, basic_altar,
          minmay_indecisive_spiral, uniq_crazy_yiuf_cottage
D:3:      layout_basic, gammafunk_ghost_smash, serial_shops, shop, shop,
          nicolae_shop_behind_doors, shop, uniq_natasha
D:4:      minmay_chambers_of_twos, layout_basic, cheibriados_altar_1,
          nicolae_ossuary_entry_ruins
D:5:      layout_cave_pools, serial_shops, nicolae_shop_rolling_square,
          nicolae_shop_tiny_glass, nicolae_shop_rolled_up, shop
D:6:      layout_basic, elyvilon_altar_3, lemuel_doored_altar,
          minmay_temple_entry_fiery
D:7:      layout_basic, grunt_temple_overflow_cloverleaf
D:8:      cheibrodos_shockbox, layout_loops_ring, nicolae_ru_awakened_eye,
          nicolae_vehumet_radiance, erik_lair_orcish_takeover,
          nrook_mini_vaults, kennysheep_generic_room_15

Skill      XL: |  1  2  3  4  5  6  7  8  9 10 |
---------------+-------------------------------+-----
Short Blades   | 1 2 3 4 5 |  5.2
Long Blades    | 1 2 3 4 5 |  5.2
Maces & Flails | 1 2 3 4 5 |  5.2
Polearms       | 1 2 3 4 5 |  5.2
Staves         | 1 2 3 4 5 |  5.2
Ranged Weapons | 1 2 3 4 5 |  5.2
Throwing       | 1 2 3 4 5 |  5.2
Dodging        | 1 2 3 4 5 |  5.2
Stealth        | 1 2 3 4 5 |  5.2
Unarmed Combat | 1 2 3 4 5 |  5.2
Spellcasting   | 1 2 3 4 5 |  5.2
Invocations    | 1 2 3 4 5 |  5.7
Evocations     | 1 2 3 4 5 |  5.2
Shapeshifting  | 1 2 3 4 |  4.7
Conjurations   | 1 2 3 4 |  4.3
Hexes          | 1 2 3 4 |  4.3
Summonings     | 1 2 3 4 |  4.3
Necromancy     | 1 2 3 4 |  4.3
Translocations | 1 2 3 4 |  4.3
Transmutations | 1 2 3 4 |  4.3
Fire Magic     | 1 2 3 4 |  4.3
Ice Magic      | 1 2 3 4 |  4.3
Air Magic      | 1 2 3 4 |  4.3
Earth Magic    | 1 2 3 4 |  4.3
Poison Magic   | 1 2 3 4 |  4.3
Axes           | 5 6 7 |  7.0
Fighting       | 7 8 |  8.5
Armour         | 7 8 |  8.5
Shields        | 7 8 |  8.5

Action                     |  1- 3 |  4- 6 |  7- 9 | 10-12 || total
---------------------------+-------+-------+-------+-------++-------
  Melee: War axe           |    84 |   116 |   448 |       ||   648
         Bite              |     7 |    19 |    77 |    17 ||   120
         Hand axe          |       |       |   130 |   117 ||   247
    Use: Scroll            |     1 |       |     5 |     1 ||     7
         Potion            |       |       |     1 |     1 ||     2
 Armour: Scale mail        |    59 |    48 |   382 |    79 ||   568
  Dodge: Dodged            |    49 |    32 |   460 |    90 ||   631
  Block: Buckler           |    28 |    27 |   221 |    48 ||   324

Table legend: (Time is in decaauts)
 A = Elapsed time spent in this place.
 B = Non-inter-level travel time spent in this place.
 C = Inter-level travel time spent in this place.
 D = Time resting spent in this place.
 E = Time spent auto-exploring this place.
 F = Levels seen in this place.
 G = Mean time per level.
                   A        B        C        D        E       F      G
               +--------+--------+--------+--------+--------+-----+--------+
         Total |   8628 |   8215 |    413 |    272 |   6226 |   9 |  958.7 |
       Dungeon |   7964 |   7551 |    413 |    272 |   5828 |   8 |  995.5 |
       Ossuary |    664 |    664 |      0 |      0 |    398 |   1 |  664.0 |
               +--------+--------+--------+--------+--------+-----+--------+

Top non-repeatable levels by time:
     D:7: 1666 daAuts
     D:4: 1290 daAuts
     D:6: 1159 daAuts
     D:1: 961 daAuts
     D:3: 879 daAuts
     D:5: 835 daAuts
     D:2: 701 daAuts
 Ossuary: 664 daAuts
     D:8: 468 daAuts
